 Dungeon Crawl Stone Soup version 0.14-a0-1707-g75daffb (webtiles) character file.

2319 4tharraofdagon the Chopper (level 9, -5/55 HPs)
             Began as a Gargoyle Gladiator on Jan 1, 2014.
             Was a Believer of Cheibriados.
             Slain by a red devil
             ... wielding a +0,+0 trident
             ... summoned by a silver statue
              (6 damage)
             ... on Level 10 of the Dungeon.
             The game lasted 00:15:02 (2597 turns).

4tharraofdagon the Chopper (Gargoyle Gladiator)     Turns: 2597, Time: 00:15:03

HP  -5/55        AC 23     Str 26      XL: 9   Next: 33%
MP  14/14        EV  6     Int 13      God: Cheibriados [**....]
Gold 139         SH  0     Dex 14      Spells:  0 memorised,  8 levels left

rFire  . . .     SeeInvis .     v - +0 hand axe (chop)
rCold  . . .     Clarity  .     l - +0 plate armour {MR+}
rNeg   + . .     Conserve .     (no shield)
rPois  +         rCorr    .     c - +0 helmet
rElec  +         rRot     +     (no cloak)
SustAb . .       Spirit   .     o - +0 pair of gloves
rMut   .         Warding  .     E - +0 pair of elf boots
Saprov . . .     Stasis   .     (no amulet)
                                t - cursed ring of flight
                                j - cursed +2 ring of protection

@: about to teleport, very slightly contaminated, very slow, somewhat resistant
to hostile enchantments, extremely unstealthy
A: life protection 1, electricity resistance, unbreathing, petrification
resistance, AC +5
a: Bend Time, Renounce Religion, Evoke Flight


You were on level 10 of the Dungeon.
You worshipped Cheibriados.
Cheibriados was pleased with you.
You were hungry.

You visited 2 branches of the dungeon, and saw 11 of its levels.

You collected 139 gold pieces.

Inventory:

Hand weapons
 a - a +0,+0 hand axe
 n - a +0,+1 orcish hand axe
 v - a +0,+0 hand axe of chopping (weapon)
Missiles
 d - 2 throwing nets (quivered)
 A - 10 darts of flame
Armour
 b - a +0 leather armour
 c - a +0 helmet (worn)
 l - a +0 plate armour of magic resistance (worn)
 m - a +2 orcish scale mail of magic resistance
 o - a +0 pair of gloves (worn)
 u - a cursed +0 ring mail
 E - a +0 pair of elven boots (worn)
Magical devices
 B - a wand of magic darts (10)
Comestibles
 f - 3 bread rations
 k - 5 meat rations
Scrolls
 g - 4 scrolls of enchant armour {unknown}
 i - 2 scrolls of fear {unknown}
 r - 2 scrolls of teleportation
 s - 2 scrolls of enchant weapon II {unknown}
 w - a scroll of amnesia
 x - a scroll of enchant weapon I
 y - a scroll of immolation
 z - a scroll of curse weapon
 C - 2 scrolls of remove curse {unknown}
 D - a scroll of fog
Jewellery
 j - a cursed +2 ring of protection (left hand)
 t - a cursed ring of flight (right hand)
Potions
 q - a potion of cure mutation
Books
 G - a book of Changes

   Spells                             Type                      Level
   Beastly Appendage                  Transmutation                1
   Sticks to Snakes                   Transmutation                2
   Spider Form                        Transmutation/Poison         3
   Ice Form                           Ice/Transmutation            4
   Blade Hands                        Transmutation                5
 H - a Grand Grimoire {highlevel}

   This book is beyond your current level of understanding.

   Spells                             Type                      Level
   Demonic Horde                      Summoning                    6
   Mass Abjuration                    Summoning                    6
   Haunt                              Necromancy/Summoning         7
   Summon Greater Demon               Summoning                    7
   Malign Gateway                     Summoning/Translocation      7
   Summon Horrible Things             Summoning                    8


   Skills:
 + Level 6.3 Fighting
 * Level 7.8 Axes
 - Level 2.0 Throwing
 + Level 5.5 Armour
 - Level 2.4 Dodging
 + Level 3.5 Invocations
 + Level 3.3 Evocations


You had 8 spell levels left.
You didn't know any spells.

Dungeon Overview and Level Annotations

Branches:
Dungeon (10/16)            Temple (1/1) D:5
    Orc: D:9-12        Lair: D:8-11

Altars:
Ashenzari
Cheibriados
Elyvilon
Fedhas
Kikubaaqudgha
Okawaru
Sif Muna
Trog
Yredelemnul
Zin
the Shining One

Shops:
D:8 [=

Annotations:
D:4 Pikel
D:10 exclusion: silver statue


Innate Abilities, Weirdness & Mutations

You are resistant to torment.
You are immune to poison.
Your stone body is very resilient (AC +5).
You resist negative energy.
You are resistant to electric shocks.
You can survive without breathing.
You are immune to petrification.


Message History

You hit the yak.
The yak is almost dead.
The yak barely misses you.
Your two-headed ogre hits the yak with a giant spiked club!
The yak dies!
Your two-headed ogre hits the yak with a giant club!
The yak dies!
The red devil hits you from afar with a trident!
* * * LOW HITPOINT WARNING * * *
Unknown command.
Unknown command.
Your two-headed ogre dissolves into shadows!
You see here a yak corpse.
Unknown command.
Unknown command.
Read which item? (? for menu, Esc to quit)
As you read the scroll of teleportation, it crumbles to dust.
You feel strangely unstable.
The red devil hits you from afar with a trident.
You die...

##### #...# ## #...## .
#....# #. #.%.#
..##.##########.@)######
.........................
####..<.#######.4.######
#....# #O..# #.....#
...)... #.#...#
#.......... #.#...#
#...........# #.#####
#........... #
#..........


You could see a red devil and an ogre.

Vanquished Creatures
  Eustachio (D:3)
  A yak (D:10)
  A black bear (D:8)
  A phantom (D:6)
  An ice beast (D:9)
  3 centaurs
  3 giant frogs
  A giant goldfish zombie (D:5)
  5 crimson imps
  A centaur zombie (D:9)
  2 scorpions (D:5)
  A hound (D:5)
  5 worker ants
  Ijyb (D:4)
  A hound zombie (D:7)
  A worker ant zombie (D:7)
  5 adders
  2 giant eyeballs
  2 giant geckos
  An ooze (D:6)
  9 orcs
  9 bats
  6 goblins
  A grey rat (D:4)
  3 hobgoblins
  3 jackals (D:4)
  2 quokkas
  A ball python (D:5)
  3 giant cockroaches
  2 giant newts (D:3)
  A hobgoblin skeleton (D:4)
  A hobgoblin zombie (D:5)
  8 kobolds
  A kobold skeleton (D:8)
  An orc zombie (D:9)
  13 rats
  A rat zombie (D:5)
104 creatures vanquished.

Vanquished Creatures (collateral kills)
  Erolcha (D:10)
  An orange demon (D:10)
  3 yaks (D:10)
  An ogre (D:10)
  A white imp (D:10)
7 creatures vanquished.

Vanquished Creatures (others)
  A centaur (D:10)
  A jelly (D:10)
  A kobold (D:10)
3 creatures vanquished.

Grand Total: 114 creatures vanquished

Notes
Turn   | Place    | Note
--------------------------------------------------------------
     0 | D:1      | 4tharraofdagon, the Gargoyle Gladiator, began the quest for the Orb.
     0 | D:1      | Reached XP level 1. HP: 12/12 MP: 1/1
    92 | D:2      | Reached skill level 3 in Axes
   129 | D:2      | Reached XP level 2. HP: 17/17 MP: 2/2
   252 | D:3      | Reached XP level 3. HP: 18/22 MP: 3/3
   283 | D:4      | Noticed Eustachio
   354 | D:3      | Reached skill level 1 in Armour
   547 | D:4      | Reached XP level 4. HP: 11/27 MP: 4/4
   578 | D:4      | Reached skill level 4 in Axes
   691 | D:5      | Entered Level 5 of the Dungeon
   721 | D:5      | Reached XP level 5. HP: 10/32 MP: 5/5
   836 | D:5      | Found a staircase to the Ecumenical Temple.
   847 | Temple   | Entered the Ecumenical Temple
   880 | Temple   | Became a worshipper of Cheibriados the Contemplative
  1038 | D:5      | Reached XP level 6. HP: 26/38 MP: 6/6
  1130 | D:4      | Noticed Ijyb
  1155 | D:4      | Killed Ijyb
  1155 | D:4      | Reached skill level 5 in Axes
  1173 | D:4      | Noticed a phantom
  1191 | D:4      | Noticed a slave
  1194 | D:4      | Noticed Pikel
  1194 | D:4      | Noticed a slave
  1269 | D:4      | Noticed a slave
  1269 | D:4      | Noticed a slave
  1333 | D:4      | FU
  1368 | D:3      | Killed Eustachio
  1368 | D:3      | Reached XP level 7. HP: 21/43 MP: 7/7
  1473 | D:4      | Noticed an orc warrior
  1596 | D:5      | Found an ancient bone altar of Kikubaaqudgha.
  1646 | D:6      | Found a blossoming altar of Fedhas.
  1838 | D:6      | Reached skill level 6 in Axes
  1868 | D:6      | Found an iron altar of Okawaru.
  1962 | D:7      | Paralysed by a giant eyeball for 3 turns
  1968 | D:7      | Paralysed by a giant eyeball for 3 turns
  1974 | D:7      | Paralysed by a giant eyeball for 4 turns
  2070 | D:7      | Reached skill level 5 in Fighting
  2124 | D:8      | Reached XP level 8. HP: 38/49 MP: 9/9
  2141 | D:8      | Reached skill level 1 in Invocations
  2141 | D:8      | Reached skill level 1 in Evocations
  2169 | D:8      | Found Eram's Antique Armour Shop.
  2320 | D:8      | Found Xolextiz's Jewellery Emporium.
  2418 | D:9      | Found a basalt altar of Yredelemnul.
  2478 | D:9      | Reached skill level 7 in Axes
  2557 | D:10     | Entered Level 10 of the Dungeon
  2572 | D:10     | Noticed Erolcha
  2582 | D:10     | Noticed an orange demon
  2582 | D:10     | Reached skill level 5 in Armour
  2582 | D:10     | Killed Erolcha
  2582 | D:10     | Reached XP level 9. HP: 31/55 MP: 12/14
  2589 | D:10     | Killed an orange demon
  2593 | D:10     | Noticed a red devil
  2595 | D:10     | HP: 1/55 [red devil/trident[a silver statue] (7)]
  2597 | D:10     | Slain by a red devil

Action                   |  1- 3 |  4- 6 |  7- 9 || total
-------------------------+-------+-------+-------++-------
Melee: Hand axe          |   110 |   260 |   247 ||   617
Throw: Throwing net      |       |     1 |       ||     1
Invok: Bend Time         |       |       |     1 ||     1
Evoke: Wand              |       |       |     3 ||     3
  Use: Potion            |     3 |     1 |     3 ||     7
       Scroll            |       |     2 |     8 ||    10
 Stab: Held in net/web   |       |     2 |       ||     2
